 Dungeon Crawl Stone Soup version 0.21.1-1-g345015fe64 (webtiles) character file.

21105 MsStandart the Fencer (level 12, -11/113 HPs)
             Began as a Minotaur Berserker on June 7, 2018.
             Was the Champion of Trog.
             Mangled by a nine-headed hydra (14 damage)
             ... on level 11 of the Dungeon.
             The game lasted 01:09:16 (14516 turns).

MsStandart the Fencer (Minotaur Berserker)         Turns: 14516, Time: 01:09:16

Health: -11/113    AC: 16    Str: 27    XL:     12   Next: 51%
Magic:  0/11       EV: 12    Int:  4    God:    Trog [******]
Gold:   706        SH:  0    Dex: 13    Spells: 11/11 levels left

rFire    + . .     SeeInvis +   C - +9 mace "Tughick" {protect, rPois rN+ SInv}
rCold    . . .     Gourm    .   (no shield)
rNeg     + . .     Faith    .   A - +2 ring mail {rF+}
rPois    +         Spirit   +   (helmet restricted)
rElec    .         Reflect  .   G - scarf {Spirit}
rCorr    +         Harm     .   z - +3 pair of gloves of Poicae {rCorr Dex+3}
MR       +....                  k - +1 pair of boots
Stlth    +.........             (no amulet)
HPRegen  0.28/turn              e - ring of poison resistance
MPRegen  0.12/turn              K - ring of protection from magic

@: no status effects
A: retaliatory headbutt, horns 2
a: Berserk, Trog's Hand, Brothers in Arms, Burn Spellbooks, Renounce Religion


You were on level 11 of the Dungeon.
You worshipped Trog.
Trog was exalted by your worship.
You were not hungry.

You visited 2 branches of the dungeon, and saw 13 of its levels.

You collected 706 gold pieces.

Inventory:

Hand Weapons
 a - a +2 great sword of holy wrath
 t - a +0 war axe of venom
 C - the +9 mace "Tughick" (weapon) {protect, rPois rN+ SInv}
   (You found it on level 6 of the Dungeon)

   It protects the one who uses it against injury (+AC on strike).
   It protects you from poison.
   It protects you from negative energy.
   It lets you see invisible.
 E - a +0 great sword
 J - a +2 scimitar of freezing
Armour
 k - a +1 pair of boots (worn)
 z - the +3 pair of gloves of Poicae (worn) {rCorr Dex+3}
   (You found it on level 6 of the Dungeon)

   It affects your dexterity (+3).
   It protects you from acid and corrosion.
 A - a +2 ring mail of fire resistance (worn)
 G - a scarf of spirit shield (worn)
 L - a +0 plate armour
Jewellery
 e - a ring of poison resistance (left hand)
 w - a +1 ring of evasion
 K - a ring of protection from magic (right hand)
Wands
 d - a wand of acid (6)
 h - a wand of paralysis (25)
 m - a wand of polymorph (22)
 o - a wand of digging (15)
 r - a wand of random effects (31)
 B - a wand of disintegration (9)
Scrolls
 b - 4 scrolls of remove curse
 i - 3 scrolls of blinking
 j - 2 scrolls of identify
 u - a scroll of magic mapping
 v - a scroll of fear
Potions
 f - a potion of magic
 g - 2 potions of heal wounds
 l - 3 potions of curing
 n - 2 potions of degeneration {unknown}
 p - 3 potions of agility
 q - a potion of brilliance
 x - a potion of might
 D - 2 potions of haste {unknown}
 F - a potion of resistance
 H - 2 potions of invisibility
Miscellaneous
 y - a fan of gales
 I - a phantom mirror
 M - a phial of floods
Comestibles
 c - 33 rations


   Skills:
 + Level 12.7 Fighting
 * Level 16.6 Long Blades
 * Level 2.6 Maces & Flails
 + Level 12.4 Armour
 - Level 3.3 Dodging
 - Level 0.8 Stealth


You had 11 spell levels left.
You didn't know any spells.

Dungeon Overview and Level Annotations

Branches:
Dungeon (12/15)            Temple (0/1) D:4            Lair (1/6) D:11
    Orc (0/2) D:9

Altars:
Ashenzari
Cheibriados
Dithmenos
Elyvilon
Fedhas
Hepliaklqana
Makhleb
Okawaru
Ru
Sif Muna
Uskayaw
Wu Jian
Xom
The Shining One
Beogh

Shops:
D:12 *?

Annotations:
Lair:1 exclusion: oklob plant


Innate Abilities, Weirdness & Mutations

You reflexively headbutt those who attack you in melee.
You have a pair of horns on your head.


Message History

The nine-headed hydra barely misses you.
The nine-headed hydra bites you!
* * * LOW HITPOINT WARNING * * *
The nine-headed hydra bites you.
* * * LOW HITPOINT WARNING * * *
The nine-headed hydra closely misses you.
The nine-headed hydra bites you but does no damage.
The nine-headed hydra misses you.
The nine-headed hydra bites you but does no damage.
The nine-headed hydra closely misses you.
The nine-headed hydra bites you but does no damage.
The nine-headed hydra barely misses you.
The nine-headed hydra bites you!
* * * LOW HITPOINT WARNING * * *
The nine-headed hydra bites you!
* * * LOW HITPOINT WARNING * * *
The nine-headed hydra bites you.
* * * LOW HITPOINT WARNING * * *
The nine-headed hydra bites you!
You die...

#.# ##.#................. #.#
#.##.##..########### #.#
#.##.##....# ##..
##.#########.##.##[...# #...
#................)....# #...
#....######...###..#.## #...
###.##.# #<..# #..#.# ##..
..#.##.## #..D###.##.# ##.
#.#.##..# #...@...##.#########.
#.#.##..#####...#.####.........>.
....##.........>..# ###########.
.....|.######..###########.......
.......# #..# #.......###.(#
.....########..# #.#####.#.#..#
..........[....# #.# #.#.#..#
....#####.###### #.# #.......
....# #.# #.# #.###..#


You could see a nine-headed hydra.

Vanquished Creatures
  4 two-headed ogres
  3 unseen horrors
  3 manticores (D:12)
  2 ugly things
  Joseph (D:8)
  2 spiny frogs (Lair:1)
  2 komodo dragons (Lair:1)
  A queen bee (D:10)
  2 trolls
  A hornet (D:10)
  3 blink frogs (Lair:1)
  3 hippogriffs
  A centaur simulacrum (D:9)
  15 yaks
  2 hungry ghosts
  Edmund (D:4)
  7 porcupines (Lair:1)
  Duvessa (D:5)
  3 water moccasins
  A black bear (D:11)
  6 ice beasts
  6 orc warriors
  7 sky beasts
  A meliai simulacrum (D:9)
  An eye of draining (D:12)
  2 phantoms
  A necrophage (D:9)
  5 wolves (Lair:1)
  2 ogres
  5 centaurs
  4 crocodiles
  7 bullfrogs
  4 scorpions
  Dowan (D:5)
  6 wights
  30 killer bees
  11 howler monkeys
  4 crimson imps
  A bullfrog zombie (D:9)
  A quasit (D:6)
  2 centaur zombies
  8 orc priests
  13 orc wizards
  6 jellies
  2 hounds
  A centaur skeleton (D:9)
  Ijyb (D:5)
  3 bullfrog skeletons
  2 iguanas
  A worker ant (D:12)
  A hound zombie (D:11)
  3 hound skeletons
  A howler monkey zombie (D:11)
  2 worker ant zombies
  12 adders
  4 shadow imps
  12 white imps (D:12)
  An ooze (D:3)
  An adder zombie (D:5)
  3 worms (D:2)
  A dart slug (D:3)
  4 leopard geckos
  40 orcs
  6 bats
  2 giant cockroaches
  6 goblins
  3 hobgoblins
  A jackal (D:11)
  6 kobolds
  6 quokkas
  2 frilled lizards
  2 quokka skeletons
  2 quokka zombies (D:9)
  4 rats
327 creatures vanquished.

Vanquished Creatures (others)
  The ghost of Evaline the Magician, a novice DrAE of Sif Muna (D:9)
  A fungus (Lair:1)
  4 plants (Lair:1)
6 creatures vanquished.

Grand Total: 333 creatures vanquished

Notes
Turn   | Place    | Note
-------+----------+-------------------------------------------
     0 | D:1      | MsStandart the Minotaur Berserker began the quest for the Orb.
     0 | D:1      | Reached XP level 1. HP: 19/19 MP: 0/0
   688 | D:1      | Reached XP level 2. HP: 27/27 MP: 1/1
  1216 | D:2      | Reached skill level 4 in Long Blades
  1433 | D:2      | Found a blossoming altar of Fedhas.
  1446 | D:2      | Reached XP level 3. HP: 34/34 MP: 2/2
  1468 | D:2      | Found an ornate altar of the Wu Jian Council.
  1575 | D:2      | Found a snail-covered altar of Cheibriados.
  1911 | D:3      | Noticed a bullfrog
  1917 | D:3      | Killed a bullfrog
  1917 | D:3      | Reached skill level 5 in Fighting
  1917 | D:3      | Reached XP level 4. HP: 40/42 MP: 3/3
  1951 | D:3      | Reached skill level 5 in Long Blades
  2036 | D:3      | Reached ** piety under Trog
  2069 | D:3      | Reached XP level 5. HP: 17/48 MP: 4/4
  2657 | D:4      | Found a shattered altar of Ashenzari.
  2675 | D:4      | Found a staircase to the Ecumenical Temple.
  2748 | D:4      | Noticed Edmund
  2756 | D:4      | Killed Edmund
  2756 | D:4      | Reached skill level 6 in Long Blades
  2756 | D:4      | Reached XP level 6. HP: 56/56 MP: 5/5
  3137 | D:5      | Entered Level 5 of the Dungeon
  3137 | D:5      | Noticed Ijyb
  3153 | D:5      | Killed Ijyb
  3217 | D:5      | Noticed a sky beast
  3231 | D:5      | Killed a sky beast
  3353 | D:5      | Noticed Dowan
  3386 | D:5      | Killed Dowan
  3386 | D:5      | Reached XP level 7. HP: 61/62 MP: 6/6
  3401 | D:5      | Noticed Duvessa
  3415 | D:5      | Killed Duvessa
  3415 | D:5      | Reached skill level 7 in Long Blades
  3415 | D:5      | Reached skill level 5 in Armour
  4495 | D:6      | Reached skill level 8 in Long Blades
  4577 | D:6      | Reached XP level 8. HP: 66/71 MP: 7/7
  4696 | D:6      | Got a pair of brightly glowing gloves
  4711 | D:6      | Identified the +3 pair of gloves of Poicae {rCorr Dex+3} (You found it on level 6 of the Dungeon)
  5128 | D:7      | Reached *** piety under Trog
  5128 | D:7      | Reached skill level 9 in Long Blades
  5261 | D:7      | Noticed a hippogriff
  5268 | D:7      | Killed a hippogriff
  5514 | D:7      | Found a glowing golden altar of the Shining One.
  5619 | D:7      | Reached skill level 10 in Long Blades
  5740 | D:7      | You fall through a shaft for 3 floors!
  5740 | D:10     | Entered Level 10 of the Dungeon
  5740 | D:10     | Noticed a queen bee
  5747 | D:10     | Reached XP level 9. HP: 59/81 MP: 8/8
  5755 | D:10     | Killed a queen bee
  5785 | D:10     | Reached skill level 11 in Long Blades
  6024 | D:9      | Noticed a troll
  6024 | D:9      | Noticed a purple ugly thing
  6040 | D:8      | Killed a troll
  6043 | D:8      | Killed a purple ugly thing
  6150 | D:8      | Noticed Joseph
  6168 | D:8      | Killed Joseph
  6168 | D:8      | Reached skill level 12 in Long Blades
  6173 | D:8      | Reached XP level 10. HP: 21/91 MP: 9/9
  6631 | D:7      | Found an iron altar of Okawaru.
  6859 | D:8      | Noticed a two-headed ogre
  6865 | D:8      | Killed a two-headed ogre
  7117 | D:8      | Found a white marble altar of Elyvilon.
  7121 | D:8      | Found a hide-covered altar of Uskayaw.
  7121 | D:8      | Found a hazy altar of Hepliaklqana.
  7123 | D:8      | Found a shimmering altar of Xom.
  7134 | D:8      | Found a deep blue altar of Sif Muna.
  7134 | D:8      | Found a sacrificial altar of Ru.
  7134 | D:8      | Found a burning altar of Makhleb.
  7263 | D:8      | Noticed a two-headed ogre
  7272 | D:8      | Killed a two-headed ogre
  7272 | D:8      | Reached skill level 10 in Fighting
  7272 | D:8      | Reached skill level 13 in Long Blades
  7883 | D:9      | Reached **** piety under Trog
  7897 | D:9      | Killed Evaline's ghost
  8061 | D:9      | Found a staircase to the Orcish Mines.
  8078 | D:9      | Found a roughly hewn altar of Beogh.
  8088 | D:9      | Reached skill level 10 in Armour
  8446 | D:9      | Found a shadowy altar of Dithmenos.
  8446 | D:9      | Noticed a two-headed ogre
  8466 | D:9      | Killed a two-headed ogre
  8639 | D:9      | Reached XP level 11. HP: 98/101 MP: 10/10
  8670 | D:9      | Reached skill level 14 in Long Blades
  8678 | D:9      | Found a transporter.
  8694 | D:9      | Found a transporter.
  9499 | D:10     | Killed an unseen horror
  9994 | D:10     | Killed an unseen horror
 10296 | D:11     | Reached ***** piety under Trog
 10784 | D:11     | Reached skill level 15 in Long Blades
 10824 | D:11     | Found a staircase to the Lair.
 11377 | D:11     | Noticed a two-headed ogre
 11386 | D:11     | Killed a two-headed ogre
 11498 | Lair:1   | Entered Level 1 of the Lair of Beasts
 11856 | Lair:1   | Reached XP level 12. HP: 107/112 MP: 9/11
 12124 | Lair:1   | Reached skill level 16 in Long Blades
 12205 | Lair:1   | Noticed a four-headed hydra
 12844 | D:12     | Found Votuink's Magic Scroll Boutique.
 12906 | D:12     | Reached ****** piety under Trog
 13244 | D:12     | Found Umoetewn's Assorted Antiques.
 13385 | D:6      | Got an encrusted mace
 13386 | D:6      | Identified the +9 mace "Tughick" {protect, rPois rN+ SInv} (You found it on level 6 of the Dungeon)
 13542 | D:12     | Received a gift from Trog
 13629 | D:12     | Reached skill level 1 in Maces & Flails
 14088 | D:12     | HP: 5/113 [skeletal warrior/long sword[a skeletal warrior] (13)]
 14516 | D:11     | HP: 3/113 [nine-headed hydra (3)]
 14516 | D:11     | Mangled by a nine-headed hydra

Skill      XL: |  1  2  3  4  5  6  7  8  9 10 11 12 |
---------------+-------------------------------------+-----
Fighting       | 4 5 6 7 9 10 12 | 12.7
Long Blades    | 4 5 6 8 10 12 13 15 16 | 16.6
Armour         | 3 4 5 7 8 10 11 12 | 12.4
Dodging        | 3 |  3.3
Maces & Flails | 2 |  2.6
Stealth        | |  0.8

Action                   |  1- 3 |  4- 6 |  7- 9 | 10-12 || total
-------------------------+-------+-------+-------+-------++-------
Melee: Falchion          |    71 |    90 |    76 |       ||   237
       Headbutt          |     8 |    22 |    57 |   165 ||   252
       Long sword        |       |       |   140 |    69 ||   209
       Great sword       |       |       |       |   374 ||   374
       Mace              |       |       |       |    79 ||    79
       Scimitar          |       |       |       |    40 ||    40
       War axe           |       |       |       |    11 ||    11
Invok: Berserk           |       |     2 |     3 |     3 ||     8
       Burn Spellbooks   |       |       |       |     1 ||     1
  Use: Scroll            |     7 |     2 |     7 |    13 ||    29
       Potion            |       |       |     1 |     3 ||     4
  Eat: Chunk             |     3 |     6 |     1 |    24 ||    34
       Ration            |       |       |     3 |     3 ||     6
Armor: Ring mail         |    30 |     5 |       |   272 ||   307
       Chain mail        |       |    40 |   143 |     4 ||   187
Dodge: Dodged            |    56 |    28 |   132 |   401 ||   617
       Rpst.: Falchion   |    16 |     6 |     7 |       ||    29
       Long sword        |       |       |    35 |    10 ||    45
       Great sword       |       |       |       |    61 ||    61
       Scimitar          |       |       |       |     2 ||     2
